BSA
KENILWORTH ACES @ NEW ORLEANS LOOTERS
03/16/2030
 
TOP OF THE 1ST
Kenilworth Aces batting - Pitching for New Orleans Looters : LHP Holden Clark
Pitching: LHP Holden Clark
Batting: RHB Jeff Bane 0-0: Foul Ball, location: 2F
0-1: Ball
1-1: Ball
2-1: Foul Ball, location: 2F
2-2: Foul Ball, location: 2F
2-2: Ground out 4-3 (Groundball, 4)
Batting: LHB Roger Moore 0-0: Called Strike
0-1: Ball
1-1: Foul Ball, location: 2F
1-2: Foul Ball, location: 2F
1-2: Strikes out swinging
Batting: RHB Wilbert Rodgers 0-0: Ball
1-0: Foul Ball, location: 2F
1-1: Ball
2-1: Fly out, F8 (Line Drive, 78D)
Top of the 1st over - 0 runs, 0 hits, 0 errors, 0 left on base; Kenilworth 0 - New Orleans 0
BOTTOM OF THE 1ST
New Orleans Looters batting - Pitching for Kenilworth Aces : LHP Dave Smeddon
Pitching: LHP Dave Smeddon
Batting: LHB Miguel Colón 0-0: Fly out, F5 (Line Drive, 5)
Batting: RHB Dan Banks 0-0: Ball
1-0: Called Strike
1-1: Ball
2-1: Foul Ball, location: 2F
2-2: Ground out 5-3 (Groundball, 56)
Batting: RHB Ramón Hernández 0-0: Ball
1-0: Called Strike
1-1: Foul Ball, location: 2F
1-2: Fly out, F7 (Line Drive, 7D)
Bottom of the 1st over - 0 runs, 0 hits, 0 errors, 0 left on base; Kenilworth 0 - New Orleans 0
TOP OF THE 2ND
Kenilworth Aces batting - Pitching for New Orleans Looters : LHP Holden Clark
Batting: SHB Julián Madrid 0-0: Foul Ball, location: 2F
0-1: Ball
1-1: Ball
2-1: Called Strike
2-2: Foul Ball, location: 2F
2-2: SOLO HOME RUN (Flyball, 7LD), Distance : 349 ft
Batting: RHB Taylor McFarland 0-0: Ball
1-0: DOUBLE (Line Drive, 89XD)
Batting: LHB Sean Nicks 0-0: Swinging Strike
0-1: Called Strike
0-2: Ball
1-2: Strikes out swinging
Batting: LHB Luis Villa 0-0: Called Strike
0-1: Ball
1-1: Swinging Strike
1-2: Strikes out swinging
Batting: LHB Jim Jensen 0-0: Ground out 5-3 (Groundball, 56S)
Top of the 2nd over - 1 run, 2 hits, 0 errors, 1 left on base; Kenilworth 1 - New Orleans 0
BOTTOM OF THE 2ND
New Orleans Looters batting - Pitching for Kenilworth Aces : LHP Dave Smeddon
Batting: SHB Oliver Deleón 0-0: Called Strike
0-1: Ball
1-1: Foul Ball, location: 2F
1-2: Ball
2-2: Foul Ball, location: 2F
2-2: Foul Ball, location: 2F
2-2: Ball
3-2: Base on Balls
Batting: RHB Run-ming Zhu 0-0: Ball
1-0: Foul Ball, location: 2F
1-1: Called Strike
1-2: Ball
Wild Pitch!
Oliver Deleón to second
2-2: Ground out 5-3 (Groundball, 56)
Batting: RHB Tim Gardner 0-0: Ball
1-0: SINGLE (Line Drive, 34)
Oliver Deleón to third
Batting: LHB Eduardo Rodríguez 0-0: Swinging Strike
0-1: Ball
Wild Pitch!
Oliver Deleón scores
Tim Gardner to second
1-1: Foul Ball, location: 2F
1-2: 2-RUN HOME RUN (Flyball, 9LD), Distance : 356 ft
Batting: LHB John Hudson 0-0: Swinging Strike
0-1: Foul Ball, location: 2F
0-2: Ball
1-2: Ball
2-2: Foul Ball, location: 2F
2-2: Fly out, F7 (Flyball, 78M)
Batting: LHB Mario Álvarez 0-0: Ball
1-0: Ball
2-0: Ball
3-0: Called Strike
3-1: Fly out, F7 (Flyball, 78D)
Bottom of the 2nd over - 3 runs, 2 hits, 0 errors, 0 left on base; Kenilworth 1 - New Orleans 3
TOP OF THE 3RD
Kenilworth Aces batting - Pitching for New Orleans Looters : LHP Holden Clark
Batting: LHB Pedro Díaz 0-0: Foul Ball, location: 2F
0-1: Foul Ball, location: 2F
0-2: Ball
1-2: Ground out 2-3 (Groundball, 2L)
Batting: RHB Jeff Bane 0-0: Foul Ball, location: 2F
0-1: Called Strike
0-2: Ground out 4-3 (Groundball, 4)
Batting: LHB Roger Moore 0-0: SINGLE (Groundball, 34D)
Batting: RHB Wilbert Rodgers 0-0: Ball
1-0: Called Strike
1-1: Ball
2-1: Called Strike
2-2: Foul Ball, location: 2F
2-2: Ball
3-2: Foul Ball, location: 2F
3-2: Base on Balls
Roger Moore to second
Batting: SHB Julián Madrid 0-0: Ball
1-0: Called Strike
1-1: SINGLE (Line Drive, 7S)
Roger Moore to third
Wilbert Rodgers to second
Runner from 3rd tries for Home, SAFE, no throw
Batting: RHB Taylor McFarland 0-0: Ball
1-0: Called Strike
1-1: Ball
2-1: Ball
3-1: Swinging Strike
3-2: SINGLE (Line Drive, 6MD)
Wilbert Rodgers to third
Julián Madrid to second
Wilbert Rodgers scores
Julián Madrid to third
Batting: LHB Sean Nicks 0-0: Called Strike
0-1: Foul Ball, location: 2F
0-2: Foul Ball, location: 2F
0-2: Ball
1-2: Foul Ball, location: 2F
1-2: Fly out, F3 (Line Drive, 34)
Top of the 3rd over - 2 runs, 3 hits, 0 errors, 2 left on base; Kenilworth 3 - New Orleans 3
BOTTOM OF THE 3RD
New Orleans Looters batting - Pitching for Kenilworth Aces : LHP Dave Smeddon
Batting: LHB Miguel Colón 0-0: Called Strike
0-1: Foul Ball, location: 2F
0-2: Ball
1-2: Strikes out swinging
Batting: RHB Dan Banks 0-0: Ball
1-0: Foul Ball, location: 2F
1-1: Foul Ball, location: 2F
1-2: Foul Ball, location: 2F
1-2: Foul Ball, location: 2F
1-2: Strikes out looking
Batting: RHB Ramón Hernández 0-0: Foul Ball, location: 2F
0-1: Ball
1-1: Called Strike
1-2: Ball
2-2: Ball
3-2: DOUBLE (Line Drive, 78D)
Batting: SHB Oliver Deleón 0-0: Swinging Strike
0-1: 2-RUN HOME RUN (Flyball, 9LD), Distance : 344 ft
Batting: RHB Run-ming Zhu 0-0: Ball
1-0: Swinging Strike
1-1: Ball
2-1: Foul Ball, location: 2F
2-2: Fly out, F8 (Flyball, 8RM)
Bottom of the 3rd over - 2 runs, 2 hits, 0 errors, 0 left on base; Kenilworth 3 - New Orleans 5
TOP OF THE 4TH
Kenilworth Aces batting - Pitching for New Orleans Looters : LHP Holden Clark
Batting: LHB Luis Villa 0-0: Called Strike
0-1: Ball
1-1: Swinging Strike
1-2: Ground out 6-3 (Groundball, 6M)
Batting: LHB Jim Jensen 0-0: Ground out 4-3 (Groundball, 4)
Batting: LHB Pedro Díaz 0-0: Ball
1-0: Fly out, F3 (Line Drive, 34)
Top of the 4th over - 0 runs, 0 hits, 0 errors, 0 left on base; Kenilworth 3 - New Orleans 5
BOTTOM OF THE 4TH
New Orleans Looters batting - Pitching for Kenilworth Aces : LHP Dave Smeddon
Batting: RHB Tim Gardner 0-0: Fly out, F7 (Line Drive, 7D)
Batting: LHB Eduardo Rodríguez 0-0: Foul Ball, location: 2F
0-1: Fly out, F7 (Flyball, 7D)
Batting: LHB John Hudson 0-0: SINGLE (Groundball, 3D)
Batting: LHB Mario Álvarez 0-0: Ball
1-0: Fly out, F8 (Flyball, 8RM)
Bottom of the 4th over - 0 runs, 1 hit, 0 errors, 1 left on base; Kenilworth 3 - New Orleans 5
TOP OF THE 5TH
Kenilworth Aces batting - Pitching for New Orleans Looters : LHP Holden Clark
Pitching: LHP Jorge Torres
Batting: RHB Jeff Bane 0-0: Fly out, F2 (Popup, 2LF)
Batting: LHB Roger Moore 0-0: Called Strike
0-1: Ball
1-1: Called Strike
1-2: Ball
2-2: SINGLE (Groundball, 34D)
Batting: RHB Wilbert Rodgers 0-0: Called Strike
0-1: Ball
1-1: Ball
2-1: Swinging Strike
2-2: SINGLE (Groundball, 6MD)
Roger Moore to second
Batting: SHB Julián Madrid 0-0: Foul Ball, location: 2F
0-1: Ball
1-1: Foul Ball, location: 2F
1-2: Foul Ball, location: 2F
1-2: Ball
2-2: Ball
3-2: Ground out 5-3 (Groundball, 5S)
Roger Moore to third
Wilbert Rodgers to second
Batting: RHB Taylor McFarland 0-0: Ball
1-0: Called Strike
1-1: Fly out, F9 (Flyball, 9D)
Top of the 5th over - 0 runs, 2 hits, 0 errors, 2 left on base; Kenilworth 3 - New Orleans 5
BOTTOM OF THE 5TH
New Orleans Looters batting - Pitching for Kenilworth Aces : LHP Dave Smeddon
Pitching: LHP Alfonso Ramos
Batting: LHB Miguel Colón 0-0: Foul Ball, location: 2F
0-1: Swinging Strike
0-2: Ball
1-2: Strikes out swinging
Batting: RHB Dan Banks 0-0: Swinging Strike
0-1: Swinging Strike
0-2: Strikes out looking
Batting: RHB Ramón Hernández 0-0: Ball
1-0: Ball
2-0: Fly out, F5 (Popup, 5S)
Bottom of the 5th over - 0 runs, 0 hits, 0 errors, 0 left on base; Kenilworth 3 - New Orleans 5
TOP OF THE 6TH
Kenilworth Aces batting - Pitching for New Orleans Looters : LHP Jorge Torres
Batting: LHB Sean Nicks 0-0: Ball
1-0: Ball
2-0: Ball
3-0: Foul Ball, location: 2F
3-1: SINGLE (Line Drive, 34)
Batting: LHB Luis Villa 0-0: Ball
1-0: Fielders Choice at 2nd, 3-6 (Groundball, 3)
Batting: LHB Jim Jensen 0-0: Ball
1-0: Ball
2-0: Called Strike
2-1: Ball
3-1: Base on Balls
Luis Villa to second
Batting: LHB Pedro Díaz 0-0: Ball
1-0: Called Strike
1-1: Ball
2-1: Foul Ball, location: 2F
2-2: Strikes out looking
Pinch Hitting: RHB Jorge Jiménez 0-0: Ground out 4-3 (Groundball, 4)
Top of the 6th over - 0 runs, 1 hit, 0 errors, 2 left on base; Kenilworth 3 - New Orleans 5
BOTTOM OF THE 6TH
New Orleans Looters batting - Pitching for Kenilworth Aces : LHP Alfonso Ramos
Now in CF: Nathan Taylor
Batting: SHB Oliver Deleón 0-0: Ball
1-0: Called Strike
1-1: Ball
2-1: SOLO HOME RUN (Flyball, 7LD), Distance : 345 ft
Batting: RHB Run-ming Zhu 0-0: Foul Ball, location: 2F
0-1: Swinging Strike
0-2: Ball
1-2: Strikes out swinging
Batting: RHB Tim Gardner 0-0: Ball
1-0: Swinging Strike
1-1: Foul Ball, location: 2F
1-2: Strikes out swinging
Batting: LHB Eduardo Rodríguez 0-0: Ball
1-0: Ball
2-0: Swinging Strike
2-1: Called Strike
2-2: Foul Ball, location: 2F
2-2: Strikes out swinging
Bottom of the 6th over - 1 run, 1 hit, 0 errors, 0 left on base; Kenilworth 3 - New Orleans 6
TOP OF THE 7TH
Kenilworth Aces batting - Pitching for New Orleans Looters : LHP Jorge Torres
Pinch Hitting: RHB Luis Sánchez 0-0: Called Strike
0-1: Swinging Strike
0-2: Ball
1-2: SINGLE (Groundball, 56D)
Batting: RHB Lonson Seals 0-0: Ball
1-0: Ball
2-0: Called Strike
2-1: Ball
3-1: Base on Balls
Luis Sánchez to second
Batting: SHB Julián Madrid 0-0: Called Strike
0-1: Ball
1-1: Ball
2-1: Foul Ball, location: 2F
2-2: Foul Ball, location: 2F
2-2: Ball
3-2: Base on Balls
Luis Sánchez to third
Lonson Seals to second
Pinch Hitting: RHB Andrés Lara 0-0: Ball
1-0: Ball
2-0: Ball
3-0: Base on Balls
Luis Sánchez scores
Lonson Seals to third
Julián Madrid to second
Pinch Hitting: LHB Barrett Waters 0-0: DOUBLE (Flyball, 89XD)
Lonson Seals scores
Julián Madrid scores
Andrés Lara to third
Runner from 3rd tries for Home, SAFE, no throw
Pitching: LHP Tadao Yoshida
Pinch Hitting: LHB Santiago Márquez 0-0: Intentional Walk
Batting: LHB Jim Jensen 0-0: Bunted foul
0-1: Ball
1-1: Bunted foul
1-2: Fly out, F7 (Flyball, 7)
Pinch Hitting: LHB Roy Patrick 0-0: Swinging Strike
0-1: Ball
1-1: Called Strike
1-2: Foul Ball, location: 2F
1-2: SINGLE (Groundball, 6D)
Barrett Waters to third
Santiago Márquez to second
Runner from 3rd tries for Home, SAFE, no throw
Batting: RHB Nathan Taylor 0-0: Ball
1-0: Fly out, F7 (Flyball, 7LS)
Batting: RHB Luis Sánchez 0-0: Ball
1-0: Ground out 1-3 (Groundball, 15S)
Top of the 7th over - 5 runs, 3 hits, 0 errors, 2 left on base; Kenilworth 8 - New Orleans 6
BOTTOM OF THE 7TH
New Orleans Looters batting - Pitching for Kenilworth Aces : LHP Alfonso Ramos
Now at 1B: Santiago Márquez
Now at 2B: Luis Sánchez
Now at 3B: António Gonzáles
Now in LF: Roy Patrick
Now in RF: Andrés Lara
Batting: LHB John Hudson 0-0: Called Strike
0-1: Ground out 5-3 (Groundball, 56)
Batting: LHB Mario Álvarez 0-0: Swinging Strike
0-1: Swinging Strike
0-2: Strikes out looking
Pinch Hitting: RHB Albert Lutz 0-0: Ball
1-0: Fly out, F7 (Flyball, 78M)
Bottom of the 7th over - 0 runs, 0 hits, 0 errors, 0 left on base; Kenilworth 8 - New Orleans 6
TOP OF THE 8TH
Kenilworth Aces batting - Pitching for New Orleans Looters : LHP Tadao Yoshida
Now in RF: Albert Lutz
Batting: RHB Lonson Seals 0-0: TRIPLE (Flyball, 9LD)
Batting: SHB Julián Madrid 0-0: Ball
1-0: Foul Ball, location: 2F
1-1: Ball
2-1: SINGLE (Line Drive, 89M)
Lonson Seals scores
Batting: RHB Andrés Lara 0-0: Ball
1-0: Grounds into double play, 5-4-3 (Groundball, 56)
Batting: RHB António Gonzáles 0-0: Foul Ball, location: 2F
0-1: SINGLE (Line Drive, 78S)
Batting: LHB Santiago Márquez 0-0: Foul Ball, location: 2F
0-1: Ball
1-1: Foul Ball, location: 2F
1-2: Strikes out swinging
Top of the 8th over - 1 run, 3 hits, 0 errors, 1 left on base; Kenilworth 9 - New Orleans 6
BOTTOM OF THE 8TH
New Orleans Looters batting - Pitching for Kenilworth Aces : LHP Alfonso Ramos
Pitching: RHP Alfonso Rodríguez
Pinch Hitting: RHB Millard Stark 0-0: Called Strike
0-1: Called Strike
0-2: Ball
1-2: Strikes out looking
Pinch Hitting: LHB Taylor Smith 0-0: Ball
1-0: Ball
2-0: Ball
3-0: Called Strike
3-1: Base on Balls
Pinch Hitting: SHB Arturo Sánchez 0-0: Ball
1-0: Foul Ball, location: 2F
1-1: Fielders Choice at 2nd, 4-6 (Groundball, 4)
Batting: RHB Run-ming Zhu 0-0: Called Strike
0-1: Ball
1-1: Ball
2-1: Fly out, F6 (Line Drive, 6M)
Bottom of the 8th over - 0 runs, 0 hits, 0 errors, 1 left on base; Kenilworth 9 - New Orleans 6
TOP OF THE 9TH
Kenilworth Aces batting - Pitching for New Orleans Looters : LHP Tadao Yoshida
Now at 1B: Taylor Smith
Now at 3B: Arturo Sánchez
Now in CF: Jeff Townsley
Batting: LHB Jim Jensen 0-0: SINGLE (Line Drive, 78M)
Batting: LHB Roy Patrick 0-0: Bunt missed!
0-1: Sac Bunt - play at first, batter OUT! 3-4
Jim Jensen to second
Batting: RHB Nathan Taylor 0-0: Called Strike
0-1: Ball
1-1: Ground out 5-3 (Groundball, 56)
Batting: RHB Luis Sánchez 0-0: Ball
1-0: Fly out, F4 (Popup, 4S)
Top of the 9th over - 0 runs, 1 hit, 0 errors, 1 left on base; Kenilworth 9 - New Orleans 6
BOTTOM OF THE 9TH
New Orleans Looters batting - Pitching for Kenilworth Aces : RHP Alfonso Rodríguez
Pitching: RHP Robinson Gonzáles
Pinch Hitting: RHB Rubén Vázquez 0-0: Called Strike
0-1: Ball
1-1: Ball
2-1: Ground out 4-3 (Groundball, 4M)
Pinch Hitting: RHB Dave O'Loan 0-0: Foul Ball, location: 2F
0-1: Called Strike
0-2: Ball
1-2: Strikes out looking
Batting: RHB Greg Handrahan 0-0: Fly out, F9 (Flyball, 9S)
Bottom of the 9th over - 0 runs, 0 hits, 0 errors, 0 left on base; Kenilworth 9 - New Orleans 6
Saturday, April 7th, 2018 - OOTP Baseball 18.8 Build 76